 Dungeon Crawl Stone Soup version 0.23.0-3-gf3c87f2df8 (webtiles) character file.

Game seed: 16429006639719726717

9004 Sondor the Basher (level 11, -1/84 HPs)
             Began as a Demonspawn Chaos Knight on Feb 22, 2019.
             Was a Plaything of Xom.
             Slain by a vampire (7 damage)
             ... summoned by Xom
             ... on level 10 of the Dungeon.
             The game lasted 00:19:11 (9895 turns).

Sondor the Basher (Demonspawn Chaos Knight)         Turns: 9895, Time: 00:19:12

Health: -1/84      AC: 11    Str: 17    XL:     11   Next: 17%
Magic:  11/11      EV: 14    Int: 13    God:    Xom [*.....]
Gold:   422        SH:  0    Dex: 12    Spells: 10/10 levels left

rFire    + + .     SeeInvis +   o - +10 mace "Woyduy" {freeze, *Slow rPois rF+}
rCold    + . .     Gourm    .   (no shield)
rNeg     . . .     Faith    +   b - +3 leather armour
rPois    +         Spirit   .   (helmet restricted)
rElec    .         Reflect  .   (no cloak)
rCorr    .         Harm     .   v - -1 pair of gloves of Eternal Vigilance {SInv}
MR       .....                  (no boots)
Stlth    +++.......             i - amulet of faith
HPRegen  0.24/turn              w - +2 ring of protection
MPRegen  0.12/turn              (no ring)

@: no status effects
A: antennae 1, claws 1, slimy green scales 2, blurry vision 1, cold resistance
1, fire resistance 1, sense surroundings 1, powered by pain 1, spiny 2,
MP-powered wands
a: Renounce Religion


You were on level 10 of the Dungeon.
You worshipped Xom.
You were a special plaything of Xom.
You were very hungry.

You visited 2 branches of the dungeon, and saw 11 of its levels.
You visited the Abyss 1 time.

You collected 422 gold pieces.

Inventory:

Hand Weapons
 o - the +10 mace "Woyduy" (weapon) {freeze, *Slow rPois rF+}
   (You found it on level 4 of the Dungeon)

   It has been specially enchanted to freeze those struck by it, causing extra
   injury to most foes and up to half again as much damage against particularly
   susceptible opponents.
   It can also slow down cold-blooded creatures.
   It protects you from fire.
   It protects you from poison.
   It may slow you when you take damage.
 q - a +5 great sword of freezing
 B - a +0 hand crossbow
Armour
 b - a +3 leather armour (worn)
 v - the -1 pair of gloves of Eternal Vigilance (worn) {SInv}
   (You found it on level 5 of the Dungeon)

   It lets you see invisible.
Jewellery
 i - an amulet of faith (around neck)
 w - a +2 ring of protection (left hand)
Wands
 g - a wand of scattershot (3)
 n - a wand of flame (56)
 y - a wand of iceblast (9)
 D - a wand of polymorph (8)
Scrolls
 e - 7 scrolls of remove curse
 h - 2 scrolls of teleportation
 k - 5 scrolls of amnesia
 E - a scroll of fog
Potions
 d - 4 potions of curing
 f - a potion of berserk rage
 j - 2 potions of might
 l - 2 potions of resistance
 p - 2 potions of flight {unknown}
 r - a potion of ambrosia
 s - a potion of lignification
 t - 3 potions of invisibility
 u - 2 potions of brilliance {unknown}
 x - 2 potions of agility
 A - 3 potions of heal wounds
Miscellaneous
 m - a lightning rod (1/4)
Comestibles
 c - 18 rations


   Skills:
 + Level 7.4 Fighting
 + Level 6.1 Long Blades
 + Level 9.4 Maces & Flails
 + Level 5.2 Armour
 + Level 5.6 Dodging
 + Level 6.9 Stealth
 + Level 0.6 Evocations


You had 10 spell levels left.
You didn't know any spells.
Your spell library contained the following spells:

 Spells                   Type           Power        Failure   Level  Hunger
 Apportation              Tloc           #.....       36%         1    ##.....
 Shroud of Golubria       Chrm/Tloc      #.........   50%         2    ###....
 Slow                     Hex            #.......     50%         2    ###....
 Portal Projectile        Hex/Tloc       #.....       73%         3    ####...
 Recall                   Summ/Tloc      N/A          73%         3    ####...
 Leda's Liquefaction      Hex/Erth       #.........   98%         4    #####..


Dungeon Overview and Level Annotations

Branches:
Dungeon (10/15)            Temple (0/1) D:6            Lair (0/6) D:10
    Orc (1/2) D:10

Altars:
Ashenzari
Cheibriados
Elyvilon
Fedhas
Makhleb
Nemelex Xobeh
Qazlal
Ru
Trog
Uskayaw
Xom
Zin
The Shining One

Shops:
D:8 (


Innate Abilities, Weirdness & Mutations

You have a pair of small antennae on your head.
You are mostly covered in slimy green scales. (AC +3)
You sometimes gain a little power by taking damage.
You are mostly covered in sharp spines.
You have sharp fingernails.
Scrolls take you a little longer to read.
Your flesh is cold resistant. (rC+)
Your flesh is heat resistant. (rF+)
You passively map a small area around you.
You expend magic power (3 MP) to strengthen your wands.


Message History

The ice beast is struck by your spines.
The ice beast hits you but does no damage.
As you read the scroll of fear, it crumbles to dust.
You assume a fearsome visage.
The vampire is unaffected.
The hungry ghost is unaffected.
The ice beast looks frightened!
The vampire is struck by your spines. The vampire hits you.
* * * LOW HITPOINT WARNING * * *
The vampire closely misses you. The vampire hits you!
* * * LOW HITPOINT WARNING * * *
The vampire misses you. The vampire hits you.
* * * LOW HITPOINT WARNING * * *
The vampire bites you but does no damage.
There is a stone staircase leading up here.
The hungry ghost hits you.
You are feeling very hungry.
The vampire closely misses you. The vampire bites you!
You die... "Huh?
Did I miss anything?"

#.......#
#####'### #...#
#######.##
#........#
#########........#
.......##....[...#
..............>W.#
........#.....)V@#
.......##.Y..[...#
.......#####.#####
.......# #.####
######## #....##
####### ####.(#
......# ##.#
).....# ######'###
......# #........#


You could see a hungry ghost, a vampire and an ice beast (fleeing).

Vanquished Creatures
  A fire dragon (D:10)
  A two-headed ogre (D:9)
  A kobold demonologist (D:9)
  A troll (Orc:1)
  Grinder (D:4)
  2 hornets
  A hippogriff (D:10)
  Sigmund (D:2)
  7 yaks
  A hungry ghost (D:8)
  Edmund (D:4)
  A warg (D:10)
  A water moccasin (D:10)
  3 orc warriors
  4 sky beasts
  2 ice beasts
  Purgy (D:3)
  An eye of draining (D:9)
  6 centaurs
  8 ogres
  A big kobold (D:8)
  6 bullfrogs
  4 wights (D:10)
  2 crimson imps
  4 howler monkeys (D:10)
  A quasit (D:7)
  A centaur zombie (D:7)
  4 hounds
  5 jellies
  Crazy Yiuf (D:4)
  13 orc wizards
  13 orc priests
  A gnoll shaman (D:7)
  3 iguanas
  Natasha (thrice) (D:2)
  5 worker ants
  A hound skeleton (D:7)
  5 gnolls (D:7)
  2 howler monkey skeletons
  A worker ant zombie (D:6)
  12 adders
  3 shadow imps
  3 oozes
  An adder zombie (D:7)
  A worm (D:3)
  A dart slug (D:1)
  2 leopard geckos
  48 orcs
  3 bats
  5 giant cockroaches
  8 goblins
  6 hobgoblins
  13 jackals
  5 kobolds
  3 quokkas
  A ball python (D:4)
  8 frilled lizards
  2 leopard gecko skeletons
  A quokka zombie (D:8)
  8 rats
  A fire vortex (D:8)
256 creatures vanquished.

Vanquished Creatures (collateral kills)
  An ice beast (D:9)
  A rat (D:2)
2 creatures vanquished.

Vanquished Creatures (others)
  A bullfrog (D:6)
1 creature vanquished.

Grand Total: 259 creatures vanquished

Notes
Turn   | Place    | Note
-------+----------+-------------------------------------------
     0 | D:1      | Sondor the Demonspawn Chaos Knight began the quest for the
                  | Orb.
     0 | D:1      | Reached XP level 1. HP: 18/18 MP: 1/1
     4 | D:1      | XOM: potion effect (agility)
   144 | D:1      | XOM: harmless Conj miscast
   161 | D:1      | Gained mutation: You are partially covered in sharp spines.
                  | [demonic ancestry]
   161 | D:1      | Reached XP level 2. HP: 18/24 MP: 2/2
   185 | D:1      | Reached skill level 1 in Dodging
   634 | D:1      | XOM: give mutations
   634 | D:1      | Gained mutation: You have sharp toenails. [Xom's grace]
   634 | D:1      | Gained mutation: Your spells are a little harder to cast,
                  | but a little more powerful. [Xom's grace]
   634 | D:1      | Gained mutation: You are covered in fur. (AC +1) [Xom's
                  | grace]
   634 | D:1      | Gained mutation: You expend magic power (3 MP) to
                  | strengthen your wands. [Xom's grace]
   796 | D:2      | Identified Xom's Papyrus of Hadjma (Xom gifted it to you on
                  | level 2 of the Dungeon)
   796 | D:2      | XOM: god gift: Xom's Papyrus of Hadjma
   801 | D:2      | Gained mutation: You are partially covered in slimy green
                  | scales. (AC +2) [demonic ancestry]
   801 | D:2      | Reached XP level 3. HP: 29/29 MP: 3/3
   974 | D:2      | Noticed Natasha
   988 | D:2      | Killed Natasha
   988 | D:2      | Reached XP level 4. HP: 10/36 MP: 4/4
  1196 | D:2      | Noticed Natasha
  1202 | D:2      | XOM: cast spell 'Call Canine Familiar'
  1206 | D:2      | Killed Natasha
  1248 | D:2      | XOM: 7-stop teleportation journey
  1282 | D:2      | Noticed Natasha
  1287 | D:2      | Killed Natasha
  1413 | D:2      | Noticed Sigmund
  1425 | D:2      | Killed Sigmund
  1425 | D:2      | Reached skill level 1 in Stealth
  1425 | D:2      | Reached XP level 5. HP: 27/42 MP: 5/5
  1425 | D:2      | Reached XP level 6. HP: 31/48 MP: 6/6
  1519 | D:2      | You fall through a shaft for 2 floors!
  1571 | D:4      | XOM: fog
  1573 | D:4      | XOM: stat loss: -1 Str (14/15)
  1577 | D:4      | Reached skill level 5 in Long Blades
  1577 | D:4      | Gained mutation: You sometimes gain a little power by
                  | taking damage. [demonic ancestry]
  1577 | D:4      | Reached XP level 7. HP: 25/55 MP: 7/7
  1769 | D:4      | Got a crystal mace
  1770 | D:4      | Identified the +10 mace "Woyduy" {freeze, *Slow rPois rF+}
                  | (You found it on level 4 of the Dungeon)
  1771 | D:4      | Found a runed translucent door.
  1772 | D:4      | Noticed Crazy Yiuf
  1776 | D:4      | Cast into level 1 of the Abyss (Crazy Yiuf)
  1795 | D:4      | Escaped the Abyss
  1796 | D:4      | Killed Crazy Yiuf
  1820 | D:4      | Noticed Grinder
  1823 | D:4      | Paralysed by Grinder for 2 turns
  1824 | D:4      | XOM: summons 3 hostile shadow creatures
  1826 | D:4      | Killed Grinder
  1827 | D:4      | Noticed Edmund
  1835 | D:4      | HP: 1/55 [Edmund/+4 flail of holy wrath (8)]
  1838 | D:4      | Killed Edmund
  1838 | D:4      | Reached skill level 1 in Maces & Flails
  2392 | D:4      | Gained mutation: You are mostly covered in sharp spines.
                  | [demonic ancestry]
  2392 | D:4      | Reached XP level 8. HP: 59/61 MP: 8/8
  2650 | D:4      | XOM: harmless Tloc miscast
  2824 | D:3      | XOM: polymorph giant cockroach -> rat
  2858 | D:3      | Reached skill level 2 in Maces & Flails
  2883 | D:3      | Noticed Purgy
  2890 | D:3      | Killed Purgy
  3314 | D:5      | Entered Level 5 of the Dungeon
  3492 | D:5      | Reached skill level 5 in Fighting
  3492 | D:5      | Reached skill level 3 in Maces & Flails
  3601 | D:5      | Lost mutation: You have sharp toenails. [potion of
                  | mutation]
  3601 | D:5      | Lost mutation: You expend magic power (3 MP) to strengthen
                  | your wands. [potion of mutation]
  3601 | D:5      | Lost mutation: You are covered in fur. (AC +1) [potion of
                  | mutation]
  3601 | D:5      | Lost mutation: Your spells are a little harder to cast, but
                  | a little more powerful. [potion of mutation]
  3601 | D:5      | Gained mutation: Your system is resistant to poisons.
                  | (rPois) [potion of mutation]
  3601 | D:5      | Gained mutation: You have large cloven feet. [potion of
                  | mutation]
  3601 | D:5      | Gained mutation: You are weak. (Str -2) [potion of
                  | mutation]
  3601 | D:5      | Gained mutation: Your mind is acute. (Int +2) [potion of
                  | mutation]
  3602 | D:5      | Lost mutation: Your mind is acute. (Int +2) [potion of
                  | mutation]
  3602 | D:5      | Lost mutation: You are weak. (Str -2) [potion of mutation]
  3602 | D:5      | Lost mutation: You have large cloven feet. [potion of
                  | mutation]
  3602 | D:5      | Gained mutation: You are mostly covered in slimy green
                  | scales. (AC +3) [potion of mutation]
  3602 | D:5      | Gained mutation: Your flesh is cold resistant. (rC+)
                  | [potion of mutation]
  3602 | D:5      | Gained mutation: You passively map a small area around you.
                  | [potion of mutation]
  3603 | D:5      | Lost mutation: Your flesh is cold resistant. (rC+) [potion
                  | of mutation]
  3603 | D:5      | Lost mutation: Your system is resistant to poisons. (rPois)
                  | [potion of mutation]
  3603 | D:5      | Gained mutation: Your flesh is cold resistant. (rC+)
                  | [potion of mutation]
  3603 | D:5      | Gained mutation: You have a pair of small horns on your
                  | head. [potion of mutation]
  3603 | D:5      | Gained mutation: Your flesh is heat resistant. (rF+)
                  | [potion of mutation]
  3669 | D:5      | XOM: give mutations
  3669 | D:5      | Gained mutation: You expend magic power (3 MP) to
                  | strengthen your wands. [Xom's grace]
  3669 | D:5      | Gained mutation: You are agile. (Dex +2) [Xom's grace]
  3853 | D:5      | XOM: give mutation
  3853 | D:5      | Gained mutation: You have sharp fingernails. [Xom's grace]
  3970 | D:5      | Got a pair of jewelled gloves
  3976 | D:5      | Identified the -1 pair of gloves of Eternal Vigilance
                  | {SInv} (You found it on level 5 of the Dungeon)
  4063 | D:6      | Found a white marble altar of Elyvilon.
  4063 | D:6      | Found a sparkling altar of Nemelex Xobeh.
  4063 | D:6      | Found a sacrificial altar of Ru.
  4068 | D:6      | Reached skill level 4 in Maces & Flails
  4070 | D:6      | Found a shimmering altar of Xom.
  4150 | D:6      | Found a glowing silver altar of Zin.
  4150 | D:6      | Found a burning altar of Makhleb.
  4151 | D:6      | Noticed an Executioner
  4151 | D:6      | Noticed an angel
  4254 | D:6      | Found a staircase to the Ecumenical Temple.
  4281 | D:6      | Reached XP level 9. HP: 55/68 MP: 9/9
  4411 | D:6      | XOM: divine lightning
  4728 | D:7      | Found a glowing golden altar of the Shining One.
  4733 | D:7      | Reached skill level 5 in Maces & Flails
  4835 | D:7      | XOM: scenery: 1 doors close
  4839 | D:7      | XOM: harmless Hex miscast
  4992 | D:7      | XOM: give mutation
  4992 | D:7      | Gained mutation: You possess an exceptional clarity of
                  | mind. [Xom's grace]
  5124 | D:7      | Reached skill level 5 in Stealth
  5188 | D:7      | XOM: smoke on damage
  5379 | D:7      | Found a bloodstained altar of Trog.
  5381 | D:7      | Found a snail-covered altar of Cheibriados.
  5387 | D:7      | Found a glowing golden altar of the Shining One.
  5388 | D:7      | Found a hide-covered altar of Uskayaw.
  5389 | D:7      | Found a blossoming altar of Fedhas.
  5389 | D:7      | Found a stormy altar of Qazlal.
  5389 | D:7      | Found a shattered altar of Ashenzari.
  5446 | D:8      | Identified a scroll of acquirement
  5493 | D:8      | XOM: mild Fire miscast
  5532 | D:8      | Reached skill level 6 in Maces & Flails
  5677 | D:8      | Found Uneakept's Antique Weapon Shoppe.
  5876 | D:8      | XOM: confuse monster(s)
  5883 | D:8      | XOM: give mutations
  5883 | D:8      | Lost mutation: You are agile. (Dex +2) [Xom's mischief]
  5883 | D:8      | Lost mutation: You have a pair of small horns on your head.
                  | [Xom's mischief]
  5885 | D:8      | Reached skill level 7 in Maces & Flails
  6065 | D:8      | Reached XP level 10. HP: 76/76 MP: 10/10
  6226 | D:8      | XOM: summons 1 hostile shadow creature
  6784 | D:9      | XOM: summons 10 friendly demons
  6786 | D:9      | Noticed a two-headed ogre
  6797 | D:9      | XOM: scenery: create altars
  6799 | D:9      | XOM: harmless Necr miscast
  6813 | D:9      | Killed a two-headed ogre
  7322 | D:9      | XOM: 8-stop teleportation journey
  7563 | D:9      | Reached skill level 8 in Maces & Flails
  7567 | D:9      | Reached skill level 5 in Dodging
  7829 | D:10     | XOM: stealth player
  7829 | D:10     | Entered Level 10 of the Dungeon
  7968 | D:10     | XOM: draining
  7977 | D:10     | XOM: enchant monster (bad)
  7980 | D:10     | XOM: divination: magic mapping
  7983 | D:10     | XOM: cast spell 'Necromutation'
  8322 | D:10     | Found a staircase to the Orcish Mines.
  8356 | D:10     | Found a staircase to the Lair.
  8356 | D:10     | XOM: 4-stop teleportation journey
  8357 | D:10     | Noticed a fire dragon
  8367 | D:10     | Killed a fire dragon
  8367 | D:10     | Reached skill level 9 in Maces & Flails
  8367 | D:10     | Reached skill level 5 in Armour
  8522 | D:10     | XOM is BORED!
  8522 | D:10     | XOM: give mutations
  8522 | D:10     | Gained mutation: Scrolls take you a little longer to read.
                  | [Xom's mischief]
  8522 | D:10     | Lost mutation: You possess an exceptional clarity of mind.
                  | [Xom's mischief]
  8623 | D:10     | Gained mutation: You have a pair of small antennae on your
                  | head. [demonic ancestry]
  8623 | D:10     | Reached XP level 11. HP: 62/84 MP: 11/11
  9079 | Orc:1    | Entered Level 1 of the Orcish Mines
  9828 | Orc:1    | XOM: medium Conj miscast
  9889 | D:10     | XOM: summons 3 hostile shadow creatures
  9895 | D:10     | Slain by a vampire

Skill      XL: |  1  2  3  4  5  6  7  8  9 10 |
---------------+-------------------------------+-----
Armour         | 2 3 4 5 |  5.2
Long Blades    | 3 4 5 6 |  6.1
Dodging        | 1 2 3 4 5 |  5.6
Fighting       | 4 5 6 7 |  7.4
Stealth        | 1 2 4 5 6 |  6.9
Maces & Flails | 1 4 7 9 |  9.4
Evocations     | |  0.6

Action                   |  1- 3 |  4- 6 |  7- 9 | 10-12 || total
-------------------------+-------+-------+-------+-------++-------
Melee: Falchion          |    72 |    50 |     2 |       ||   124
       Kick              |     6 |    14 |    17 |       ||    37
       Mace              |       |       |   224 |   147 ||   371
       Headbutt          |       |       |    24 |       ||    24
Evoke: Lightning rod     |       |       |       |     4 ||     4
  Use: Potion            |       |     1 |     6 |     2 ||     9
       Scroll            |       |       |     6 |    12 ||    18
 Stab: Sleeping          |     2 |     1 |    16 |     5 ||    24
       Paralysed         |       |     1 |       |       ||     1
       Distracted        |       |       |     1 |       ||     1
  Eat: Chunk             |       |     2 |    11 |     1 ||    14
       Ration            |       |       |     1 |     3 ||     4
Armor: Leather armour    |    30 |     7 |    70 |    42 ||   149
Dodge: Dodged            |    43 |    25 |   121 |   105 ||   294
       Rpst.: Falchion   |    13 |     6 |       |       ||    19
